 Dungeon Crawl Stone Soup version 0.29-a0-885-gb26ba3297d (webtiles) character file.

Game seed: 9256831462935171923

169 wilfster70 the Chopper (level 5, -1/47 HPs)
             Began as a Minotaur Fighter on July 20, 2022.
             Slain by a gnoll
             ... wielding a +0 halberd
              (8 damage)
             ... on level 3 of the Dungeon.
             The game lasted 00:04:10 (2040 turns).

wilfster70 the Chopper (Minotaur Fighter)           Turns: 2040, Time: 00:04:11

Health: -1/47      AC: 13    Str: 20    XL:     5   Next: 25%
Magic:  4/4        EV:  5    Int:  7    God:
Gold:   109        SH:  4    Dex: 10    Spells: 4/4 levels left

rFire   . . .      SeeInvis .   a - +2 war axe
rCold   + . .      Faith    .   c - +0 buckler
rNeg    . . .      Spirit   .   f - +1 plate armour
rPois   .          Reflect  .   (helmet restricted)
rElec   .          Harm     .   (no cloak)
rCorr   .          Rampage  .   (no gloves)
Will    .....                   (no boots)
Stlth   ..........              (no amulet)
HPRegen 0.15/turn               h - ring of protection from cold
MPRegen 0.09/turn               (no ring)

@: no status effects
A: horns 2, retaliatory headbutt
a: no special abilities


You were on level 3 of the Dungeon.
You visited 1 branch of the dungeon, and saw 3 of its levels.

You collected 109 gold pieces.

Inventory:

Hand Weapons
 a - a +2 war axe (weapon)
 b - a +0 sling
Missiles
 l - 2 poisoned darts (quivered)
Armour
 c - a +0 buckler (worn)
 f - a +1 plate armour (worn)
Jewellery
 h - a ring of protection from cold (left hand)
Wands
 m - a wand of flame (5)
Scrolls
 j - 2 scrolls of teleportation
 k - a scroll of torment {unknown}
 n - a scroll of blinking
 o - a scroll of immolation
 r - a scroll of identify
Potions
 d - a potion of might
 e - a potion of curing
 g - 2 potions of mutation
 i - a potion of ambrosia {unknown}


   Skills:
 + Level 4.7 Fighting
 * Level 5.0 Axes
 + Level 4.7 Armour
 - Level 3.6 Shields


You had 4 spell levels left.
You didn't know any spells.
Your spell library contained the following spells:

 Spells                   Type           Power      Damage    Failure   Level
 Scorch                   Fire           0%         2d5       100%        2
 Flame Wave               Conj/Fire      0%         2d4       100%        4
 Summon Cactus Giant      Summ           0%         N/A       100%        6


Dungeon Overview and Level Annotations

Branches:
Dungeon (3/15)

Altars:


Innate Abilities, Weirdness & Mutations

You have a pair of horns on your head.
You reflexively headbutt those who attack you in melee.


Message History

The gnoll is lightly wounded.
The gnoll hits you but does no damage. You block the gnoll's attack. x2
The gnoll hits you from afar with a +0 halberd!
You hit the gnoll but do no damage.
You headbutt the gnoll, but do no damage.
The gnoll is lightly wounded.
The gnoll hits you with a +0 flail. You block the gnoll's attack.
You hit the gnoll but do no damage. You headbutt the gnoll!
The gnoll is severely wounded.
The gnoll closely misses you.
The gnoll hits you from afar with a +0 halberd!
You barely miss the gnoll.
The gnoll is severely wounded.
The gnoll hits you with a +0 flail. You block the gnoll's attack.
You slash the gnoll!
You kill the gnoll!
The gnoll hits you from afar with a +0 halberd!
The gnoll hits you from afar with a +0 halberd.
* * * LOW HITPOINT WARNING * * *
Your Axes skill increases to level 5!
The gnoll hits you but does no damage.
You see here a +0 flail.
You hit the gnoll.
You headbutt the gnoll, but do no damage.
The gnoll is heavily wounded.
The gnoll completely misses you.
You closely miss the gnoll.
The gnoll is heavily wounded.
The gnoll hits you with a +0 halberd!
* * * LOW HITPOINT WARNING * * *
You feel better. The gnoll hits you with a +0 halberd.
* * * LOW HITPOINT WARNING * * *
You hit the gnoll.
The gnoll is severely wounded.
The gnoll hits you with a +0 halberd.
* * * LOW HITPOINT WARNING * * *
You closely miss the gnoll.
The gnoll is severely wounded.
The gnoll hits you but does no damage. The gnoll hits you with a +0 halberd!
You die...

################ ...............#
##############.# #.# #.# ########
#####.# #.# .......# #.....# #.#
.####.## #.##########.# #^#
.#..#.# #......@ggg..# #.#####
.#..#.# ##################.##...
.#....#####.................##.##
......))......................>##
.......####......##.........##.#.
.....#.# #.####.##.........##.#.
.#####.# #.# #.##.........####.
.#..<#.# #.# #.#..........#..#.
.....#.# #.# #.#..........#..#.


You could see 3 gnolls.

Vanquished Creatures
  Jessica (D:2)
  5 adders
  4 gnolls (D:3)
  A worm (D:2)
  A dart slug (D:1)
  3 orcs (D:3)
  5 endoplasms
  2 giant cockroaches
  5 goblins
  3 hobgoblins
  3 jackals (D:3)
  2 quokkas
  3 ball pythons
  7 bats
  5 frilled lizards
  A kobold (D:1)
  2 rats
  A spectral goblin (D:2)
54 creatures vanquished.

Notes
Turn   | Place    | Note
-------+----------+-------------------------------------------
     0 | D:1      | wilfster70 the Minotaur Fighter began the quest for the
                  | Orb.
     0 | D:1      | Reached XP level 1. HP: 19/19 MP: 0/0
   220 | D:1      | Reached XP level 2. HP: 27/27 MP: 1/1
   235 | D:1      | Reached skill level 3 in Axes
   664 | D:2      | Reached XP level 3. HP: 33/33 MP: 2/2
  1053 | D:2      | Noticed Jessica
  1062 | D:2      | Killed Jessica
  1063 | D:2      | Reached skill level 4 in Axes
  1063 | D:2      | Reached XP level 4. HP: 39/41 MP: 3/3
  1085 | D:2      | Found a faded altar of an unknown god.
  1654 | D:3      | Reached XP level 5. HP: 47/47 MP: 4/4
  2035 | D:3      | Reached skill level 5 in Axes
  2037 | D:3      | HP: 2/47 [gnoll/+0 halberd (11)]
  2040 | D:3      | Slain by a gnoll

Illustrated notes

Levels and vault maps discovered:
D:1:      minmay_arrival_semitransparent, layout_rooms
D:2:      layout_rooms, dreamdust_ecumenical_altar_drowned_temple, uniq_jessica
D:3:      layout_basic

Skill      XL: |  1  2  3  4  5 |
---------------+----------------+-----
Axes           | 3 4 5 |  5.0
Fighting       | 4 |  4.7
Armour         | 4 |  4.7
Shields        | |  3.6

Action                   |  1- 3 |  4- 6 || total
-------------------------+-------+-------++-------
Melee: War axe           |    57 |    56 ||   113
       Headbutt          |     7 |     6 ||    13
  Use: Scroll            |     4 |     9 ||    13
       Potion            |       |     1 ||     1
Armor: Scale mail        |    11 |       ||    11
       Plate armour      |    18 |    37 ||    55
Dodge: Dodged            |    21 |    15 ||    36
Block: Buckler           |    15 |    14 ||    29

Table legend: (Time is in decaauts)
 A = Elapsed time spent in this place.
 B = Non-inter-level travel time spent in this place.
 C = Inter-level travel time spent in this place.
 D = Time resting spent in this place.
 E = Time spent auto-exploring this place.
 F = Levels seen in this place.
 G = Mean time per level.
                   A        B        C        D        E       F      G
               +--------+--------+--------+--------+--------+-----+--------+
         Total |   2085 |   2058 |     27 |    124 |   1146 |   3 |  695.0 |
       Dungeon |   2085 |   2058 |     27 |    124 |   1146 |   3 |  695.0 |
               +--------+--------+--------+--------+--------+-----+--------+

Top non-repeatable levels by time:
     D:3: 828 daAuts
     D:2: 696 daAuts
     D:1: 560 daAuts
